[Event "*** SCC Grand Prix: Titled Tuesday Blitz"]
[Site "Chess.com"]
[Date "2020.06.02"]
[Round "1"]
[White "harperchesstt"]
[Black "Gahan-MG"]
[Result "0-1"]
[WhiteElo "2190"]
[BlackElo "2539"]
[TimeControl "180+1"]
[EndTime "10:07:39 PDT"]
[Termination "Gahan-MG won on time"]

1. e4 Nf6 2. Nc3 d5 3. exd5 Nxd5 4. Nf3 g6 5. Bc4 Nb6 6. Be2 Bg7 7. h4 Bg4 8. Ng5 Bxe2 9. Qxe2 h6 10. Nge4 Nc6 11. h5 g5 12. d3 Nd4 13. Qd1 Qd7 14. Be3 c6 15. Bxd4 Bxd4 16. Qf3 f5 17. Ng3 O-O 18. O-O-O a5 19. Rhe1 a4 20. Nce2 Bg7 21. a3 Ra5 22. d4 Qd5 23. Qxd5+ Nxd5 24. Nc3 Nxc3 25. bxc3 Bf6 26.
f3 Rd5 27. Nf1 c5 28. Ne3 Rfd8 29. Nxd5 Rxd5 30. c4 Rxd4 31. Rxd4 cxd4 32. Re6 Kf7 33. Rb6 Be5 34. Rxb7 Bd6 35. Ra7 Bxa3+ 36. Kd1 Bd6 37. Rxa4 Ke6 38. Ke2 Ke5 39. Kd3 g4 40.
Ra5+ Kf4 41. fxg4 fxg4 42. Kxd4 Kg3 43. Ra8 Kxg2 44. Rh8 Bf4 45. Ke4 Bg5 46. Kf5 g3 47. Ra8 Kf2 48. c5 g2 49. Ra1 Bf6 50. Rb1 Bh4 51.
c6 Bg3 52. c4 g1=Q 0-1

[Event "*** SCC Grand Prix: Titled Tuesday Blitz"]
[Site "Chess.com"]
[Date "2020.06.02"]
[Round "1"]
[White "BLITZMASTER"]
[Black "gixfantastix"]
[Result "1-0"]
[WhiteElo "2501"]
[BlackElo "2070"]
[TimeControl "180+1"]
[EndTime "10:07:39 PDT"]
[Termination "BLITZMASTER won by checkmate"]

1. e4 c6 2. d4 d5 3. Nc3 dxe4 4. Nxe4 Bf5 5. Ng3 Bg6 6. Bc4 Nd7 7. N1e2 Nb6 8. Bb3 a5 9. a4 e5 10. Be3 Nd5 11. O-O Nxe3 12. fxe3 Bd6 13. Nf5 Bxf5 14. Rxf5 Nh6 15. Rf3 O-O 16. Ng3 Qh4 17. Qd3 Rad8 18.
Raf1 Rd7 19. Qe4 Qe7 20. Nf5 Nxf5 21. Qxf5 exd4 22. exd4 Bc7 23. c3 b6 24. Bc2 g6 25. Qh3 c5 26. dxc5 Qxc5+ 27. Kh1 Be5 28. Qxd7 Bg7 29. Qh3 b5 30. Bb3 Qc7 31. Rxf7 Rxf7 32.
Rxf7 Qxf7 33. Bxf7+ Kxf7 34. Qd7+ Kf6 35. axb5 Bf8 36. Qc6+ Kg7 37. b6 Kh6 38. b7 Bg7 39.
Qd7 Bf6 40. Qd2+ Bg5 41. Qd3 Bc1 42. Qh3+ Kg5 43. b8=Q h5 44. Qd8+ Kh6 45. Qf6 a4 46.
Qhf5 Kh7 47. Q5xg6# 1-0

[Event "*** SCC Grand Prix: Titled Tuesday Blitz"]
[Site "Chess.com"]
[Date "2020.06.02"]
[Round "1"]
[White "Rakesh"]
[Black "vpsetter"]
[Result "1-0"]
[WhiteElo "2334"]
[BlackElo "2640"]
[TimeControl "180+1"]
[EndTime "10:07:40 PDT"]
[Termination "Rakesh won by resignation"]

1. e4 e5 2. Nf3 Nc6 3. d4 exd4 4. Nxd4 Nf6 5. Nc3 Bb4 6. Nxc6 bxc6 7. Bd3 d5 8. exd5 cxd5 9. O-O O-O 10. Bg5 c6 11.
Qf3 Be7 12. Rae1 Be6 13. h3 Rb8 14. b3 h6 15. Bh4 Rb4 16. Bg3 Qa5 17. Ne2 Ne4 18.
Nf4 Nd2 19. Qh5 Nxf1 20. Nxe6 Nxg3 21. fxg3 Rh4 22. Qe2 fxe6 23. Qxe6+ Rf7 24. gxh4 Bxh4 25. Rf1 Qc5+ 26. Kh1 Qe7 27. Bh7+ Kf8 28. Qc8+ Qd8 29. Rxf7+ Kxf7 30. Qxc6 Bf6 31. Bf5 d4 32. Qe6+ Kf8 33.
Bg6 Qe7 34. Qc8+ Qd8 35. Qb7 Qe7 36. Qb8+ Qd8 37. Qxa7 Qe7 38. Qa8+ Qd8 39. Qe4 Qe7 40. a4 Qxe4 41. Bxe4 Bd8 42. b4 Ke7 43. a5 Kd6 44. g4 Ke5 45. Bd3 Kd5 46. Kg2 Kc6 47. Kf3 Kb7 48.
Ke4 Be7 49. b5 Bb4 50. a6+ Kb6 51. Kxd4 Be7 52. c4 Bh4 53. c5+ 1-0

[Event "*** SCC Grand Prix: Titled Tuesday Blitz"]
[Site "Chess.com"]
[Date "2020.06.02"]
[Round "1"]
[White "Terao90"]
[Black "GregShahade"]
[Result "1/2-1/2"]
[WhiteElo "2272"]
[BlackElo "2594"]
[TimeControl "180+1"]
[EndTime "10:07:40 PDT"]
[Termination "Game drawn by repetition"]

1. c4 c5 2. Nf3 g6 3. d4 cxd4 4. Nxd4 Nc6 5. Nc3 Bg7 6. Nc2 Nf6 7. e4 O-O 8. Be2 d6 9. O-O Nd7 10. Bd2 a5 11. Rb1 Nc5 12. f3 f5 13. exf5 Bxf5 14. b3 e6 15. Kh1 Qe7 16. Rc1 Rad8 17. Ne3 Nd4 18. Nxf5 gxf5 19. Be3 Nc6 20. Qd2 Kh8 21.
Rfe1 Qf7 22. Rcd1 Rg8 23. Bf1 Be5 24. f4 Bf6 25. g3 Ne4 26. Nxe4 fxe4 27. Bb6 d5 28.
Bxd8 Rxd8 29. cxd5 exd5 30. Bg2 b6 31. Qe3 Nb4 32.
Qxb6 Nd3 33. Rxd3 exd3 34. Rd1 Re8 35. Qxa5 Qe6 36. Qxd5 Qe2 37. Bf3 Qxa2 38. Qxd3 Rd8 39. Qe2 Rxd1+ 40. Qxd1 Qf2 41. Qe2 Qd4 42. Kg2 Kg7 43.
Qc2 Qb4 44. Qe2 Qd4 45. Qe4 Qd2+ 46. Qe2 Qd4 1/2-1/2

[Event "*** SCC Grand Prix: Titled Tuesday Blitz"]
[Site "Chess.com"]
[Date "2020.06.02"]
[Round "1"]
[White "wild_cat99"]
[Black "FeketeBarika"]
[Result "1-0"]
[WhiteElo "2572"]
[BlackElo "2230"]
[TimeControl "180+1"]
[EndTime "10:07:40 PDT"]
[Termination "wild_cat99 won on time"]

1. Nf3 e6 2. e3 d5 3. c4 Nf6 4. b3 Be7 5. Bb2 O-O 6. g3 c6 7. Bg2 Nbd7 8. O-O Re8 9. Qe2 Bd6 10. d4 Qe7 11. Ne5 Bxe5 12. dxe5 Ne4 13. Bxe4 dxe4 14. Nd2 f5 15. exf6 Nxf6 16. Bxf6 Qxf6 17. Nxe4 Qg6 18. Nd6 Rf8 19. e4 Bd7 20. Nxb7 e5 21. Nc5 Bh3 22.
Rfe1 Bg4 23. Qb2 Qh5 24. Nd3 Rae8 25. Re3 Bf3 26. Ne1 Bg4 27. c5 Bh3 28. b4 Rf6 29. Qe2 Qh6 30. a4 Ref8 31. f3 Bd7 32. b5 cxb5 33.
axb5 Bxb5 34. Qf2 Bc6 35. Rxa7 Qg6 36. Nd3 Qe8 37. Qa2+ Re6 38. Nxe5 Bb5 39. f4 h6 40.
f5 Kh7 41. fxe6 Qd8 42. Nd7 Qg5 43. Nxf8+ Kh8 44. Rf3 Qc1+ 45. Kg2 1-0

[Event "*** SCC Grand Prix: Titled Tuesday Blitz"]
[Site "Chess.com"]
[Date "2020.06.02"]
[Round "1"]
[White "ChristopherYoo"]
[Black "letsgoband"]
[Result "0-1"]
[WhiteElo "2827"]
[BlackElo "2435"]
[TimeControl "180+1"]
[EndTime "10:07:41 PDT"]
[Termination "letsgoband won by checkmate"]

1. e4 e5 2. Nf3 Nc6 3. Bb5 a6 4. Ba4 Nf6 5. d4 exd4 6. O-O Be7 7. e5 Ne4 8. Nxd4 O-O 9. Re1 Nc5 10. Bxc6 dxc6 11. Nc3 Re8 12. Be3 Bf8 13. f4 Qh4 14. Nf3 Qh5 15. h3 Qg6 16. Kh2 Ne4 17. Nxe4 Qxe4 18.
Qd2 Bf5 19. Nd4 Rad8 20. Qf2 Bc8 21. Rad1 c5 22. Bc1 Qd5 23. Nb3 Qc6 24. Rxd8 Rxd8 25. f5 b6 26. Bg5 Re8 27. Nd2 Qd5 28. Nf3 Bb7 29. Qg3 Qd7 30. f6 g6 31. Nh4 Qd5 32.
Nf5 Kh8 33. Ne7 Qe6 34. Qf4 Qxa2 35. Bh6 Bxe7 36. fxe7 Qe6 37. Bg7+ Kxg7 38. Rf1 Rxe7 39. Qf6+ Kg8 40. Qh4 Qxe5+ 41. Kh1 Qe2 42. Rf2 Qe1+ 43. Kh2 Qe5+ 44. Kh1 h5 45. Rf1 Qe6 46. Rg1 Be4 47.
Qg5 Rd7 48. Rf1 Qxh3+ 49. Kg1 Qg4 50. Qe3 Qxg2# 0-1

[Event "*** SCC Grand Prix: Titled Tuesday Blitz"]
[Site "Chess.com"]
[Date "2020.06.02"]
[Round "1"]
[White "ChessBitl"]
[Black "AminMolaei"]
[Result "0-1"]
[WhiteElo "2355"]
[BlackElo "2712"]
[TimeControl "180+1"]
[EndTime "10:07:41 PDT"]
[Termination "AminMolaei won on time"]

1. e4 c5 2. Nf3 g6 3. d4 cxd4 4. Qxd4 Nf6 5. e5 Nc6 6. Qa4 Nd5 7. Qe4 Nb6 8. Nc3 Bg7 9. Bg5 d5 10. exd6 Bf5 11. dxe7 Bxc3+ 12. bxc3 Bxe4 13. exd8=Q+ Nxd8 14. Bf6 O-O 15. Bd3 Bxf3 16. gxf3 Re8+ 17. Kd2 Nd5 18. Bd4 Ne6 19. Rab1 b6 20. h4 Rad8 21. a4 Ndf4 22. Bf6 Rd5 23. c4 Ra5 24. Rb5 Rxa4 25. h5 Nc5 26. Rh4 Nxh5 27. Rxh5 gxh5 28. Rb1 Nxd3 29. Rg1+ Kf8 30. cxd3 Ra2+ 31. Kc3 Rxf2 32. Rg3 Re6 33. Bd4 Rf1 34. Rh3 h6 35. c5 Ke7 36. cxb6 axb6 37. Rxh5 Rxf3 38. Rb5 Rc6+ 39. Kd2 Rd6 40. Bxb6 Rfxd3+ 41.
Ke2 R6d5 42. Rb2 Ke6 43. Be3 h5 44. Rb6+ Kf5 45. Rh6 Ke4 0-1

[Event "*** SCC Grand Prix: Titled Tuesday Blitz"]
[Site "Chess.com"]
[Date "2020.06.02"]
[Round "1"]
[White "DaggiGretarsson"]
[Black "not_najdorfs_player"]
[Result "1-0"]
[WhiteElo "2642"]
[BlackElo "2307"]
[TimeControl "180+1"]
[EndTime "10:07:41 PDT"]
[Termination "DaggiGretarsson won by resignation"]

1. d4 d5 2. c4 e6 3. Nc3 Nf6 4. Bf4 Be7 5. e3 O-O 6. Qc2 c6 7. h3 Nbd7 8. Nf3 b6 9. a3 Bb7 10. Rd1 Re8 11. Bd3 Nf8 12. O-O Ng6 13. Bh2 Bd6 14.
Ne5 Qe7 15. f4 c5 16. cxd5 exd5 17. g4 cxd4 18. exd4 Rac8 19. Qb3 Ne4 20. Nxd5 Bxd5 21. Qxd5 Nf6 22. Qb3 Qb7 23. Bc4 Re7 24. g5 Ne8 25. Bd5 Qc7 26. Rd3 a5 27. Rc3 Qd8 28. Nxf7 Rxf7 29. Bxf7+ Kh8 30. Bxg6 hxg6 31. Qe6 Rxc3 32. bxc3 Nc7 33. Qxg6 Nd5 34. f5 Bxh2+ 35. Kxh2 Qc7+ 36.
Kh1 Ne3 37. Qh5+ Kg8 38. Qe8+ Kh7 39. Qxe3 Qc6+ 40. Kg1 Qd6 41. g6+ Kh8 42. Qe8+ 1-0

[Event "*** SCC Grand Prix: Titled Tuesday Blitz"]
[Site "Chess.com"]
[Date "2020.06.02"]
[Round "1"]
[White "UCantHandleDenker"]
[Black "HouseOfDurin"]
[Result "1-0"]
[WhiteElo "2472"]
[BlackElo "1998"]
[TimeControl "180+1"]
[EndTime "10:07:41 PDT"]
[Termination "UCantHandleDenker won by checkmate"]

1. Nf3 c5 2. g3 Nc6 3. Bg2 g6 4.
O-O Bg7 5. d3 e5 6. Nbd2 Nge7 7.
e4 O-O 8. c3 d5 9. Re1 h6 10.
a3 a5 11. a4 Be6 12. exd5 Bxd5 13. Qc2 Qd7 14. Ne4 b6 15. c4 Bxe4 16. Rxe4 f5 17. Re1 Rad8 18. Qb3 Nb4 19. Nxe5 Bxe5 20. Rxe5 Nec6 21.
Rd5 Nxd5 22. Bxd5+ Kh7 23. Qxb6 Nb4 24. Be3 Nxd5 25.
cxd5 Qxd5 26. Qxa5 Qxd3 27. Qxc5 Rf7 28. Qc3 Qd5 29.
a5 g5 30. Qc2 Kg8 31. Bb6 Rd6 32. Re1 f4 33. Re8+ Rf8 34. Rxf8+ Kxf8 35. Bc5 Ke7 36. Bxd6+ Qxd6 37. Qh7+ Kd8 38. Qg8+ Kc7 39. Qc4+ Kb7 40. Qb5+ Ka7 41. Qb6+ Qxb6 42. axb6+ Kxb6 43. gxf4 gxf4 44. Kg2 Kb5 45. Kf3 Kb4 46. Kxf4 Kb3 47. Kf5 Kxb2 48. Kg6 Kc3 49. f4 Kd4 50. f5 Ke4 51. f6 h5 52.
f7 Kf4 53. f8=Q+ Kg4 54. Qf5+ Kh4 55. Qg5+ Kh3 56. Qg3# 1-0

[Event "*** SCC Grand Prix: Titled Tuesday Blitz"]
[Site "Chess.com"]
[Date "2020.06.02"]
[Round "1"]
[White "LizaSolovyova"]
[Black "starplatinum2030"]
[Result "1-0"]
[WhiteElo "2503"]
[BlackElo "2092"]
[TimeControl "180+1"]
[EndTime "10:07:42 PDT"]
[Termination "LizaSolovyova won by checkmate"]

1. d4 d5 2. Nc3 c5 3. e4 dxe4 4.
d5 Nf6 5. Bg5 h6 6. Bh4 Qb6 7. Rb1 e5 8. Bxf6 Qxf6 9. Nxe4 Qg6 10.
Ng3 e4 11. Be2 Bd6 12. Bh5 Qh7 13. Bg4 O-O 14. Bxc8 Rxc8 15. Qg4 f5 16. Nxf5 Na6 17. Nxd6 Rf8 18. Ne2 e3 19. O-O exf2+ 20. Kh1 Qxc2 21. Nc3 Nb4 22. Qe6+ Kh7 23. Qe4+ Qxe4 24. Ndxe4 c4 25. Rxf2 Rxf2 26. Nxf2 Re8 27. Kg1 Rd8 28. Rd1 Nc2 29.
d6 Ne3 30. Rd2 Nf5 31. Nfe4 Kg6 32. g4 Ne3 33. h3 Kf7 34. Kf2 Nd5 35. Rxd5 Ke6 36.
Ke3 Rxd6 37. Rxd6+ Ke5 38. Rd7 g6 39. Rxb7 g5 40. Rxa7 h5 41. gxh5 g4 42. hxg4 Ke6 43. h6 Ke5 44. h7 Ke6 45. Ra6+ Ke5 46. h8=Q# 1-0

[Event "*** SCC Grand Prix: Titled Tuesday Blitz"]
[Site "Chess.com"]
[Date "2020.06.02"]
[Round "1"]
[White "Dynamikus"]
[Black "Giraffe_Chess"]
[Result "1-0"]
[WhiteElo "2737"]
[BlackElo "2379"]
[TimeControl "180+1"]
[EndTime "10:07:43 PDT"]
[Termination "Dynamikus won on time"]

1. e4 c6 2. d4 d5 3. Nd2 dxe4 4. Nxe4 Nf6 5. Nxf6+ exf6 6. c3 Bd6 7. Bd3 O-O 8.
Ne2 Re8 9. Qc2 h5 10. O-O h4 11. h3 Nd7 12. Be3 Nf8 13. Rae1 Be6 14. Bc1 Qd7 15. f4 f5 16. c4 Rad8 17. b3 g6 18. Rd1 Qc7 19. Bb2 Be7 20. Kh1 Nh7 21. Ng1 Nf6 22. Nf3 Nh5 23. Ne5 Ng3+ 24. Kh2 Nxf1+ 25. Bxf1 Bf6 26. Be2 Qa5 27. Bf3 Be7 28. a3 Qc7 29. Qc3 Bf6 30. Qe1 Kg7 31. Qf2 Bc8 32. b4 a5 33. Bc3 axb4 34. axb4 Be6 35. Qe2 Rd6 36. Rc1 Rdd8 37. Bb2 Qb6 38. Bc3 Qa6 39. b5 cxb5 40. d5 Bd7 41. c5 b4 42. Bxb4 Qxe2 43. Bxe2 Bc8 44. d6 Kg8 45. Bb5 Rf8 46. d7 1-0

[Event "*** SCC Grand Prix: Titled Tuesday Blitz"]
[Site "Chess.com"]
[Date "2020.06.02"]
[Round "1"]
[White "WanderingPuppet"]
[Black "Spartakus1975"]
[Result "0-1"]
[WhiteElo "2354"]
[BlackElo "2711"]
[TimeControl "180+1"]
[EndTime "10:07:43 PDT"]
[Termination "Spartakus1975 won on time"]

1. e4 e6 2. d4 d5 3. Nc3 Nf6 4. Bg5 Bb4 5. e5 h6 6. Be3 Ne4 7. Qg4 g5 8. a3 h5 9. Qf3 g4 10. Qf4 Bxc3+ 11. bxc3 c5 12. Bd3 Nxc3 13. dxc5 Nc6 14.
Ne2 Nxe2 15. Kxe2 d4 16. Bd2 Qd5 17. h3 Qxe5+ 18. Qxe5 Nxe5 19. hxg4 Nxg4 20. Bg5 f6 21. Rxh5 Rxh5 22. Bg6+ Ke7 23. Bxh5 e5 24. Bd2 Be6 25. Rb1 Rb8 26. f3 Bc4+ 27. Ke1 Ne3 28. Bxe3 dxe3 29.
Rb4 Ba6 30. c6 b6 31. Rg4 Rc8 32. Rg7+ Kd6 33. Rd7+ Kc5 34. Rxa7 Bb5 35. Bg6 Rxc6 36. Be8 Rc8 37. Bg6 Kc4 38. Bd3+ Kc5 39. Bf5 Bc4 0-1

[Event "*** SCC Grand Prix: Titled Tuesday Blitz"]
[Site "Chess.com"]
[Date "2020.06.02"]
[Round "1"]
[White "awesomevishesh"]
[Black "BogdanDeac"]
[Result "0-1"]
[WhiteElo "2443"]
[BlackElo "2942"]
[TimeControl "180+1"]
[EndTime "10:07:44 PDT"]
[Termination "BogdanDeac won on time"]

1. d4 Nf6 2. c4 e6 3. g3 d5 4. Bg2 Be7 5. Nf3 O-O 6. O-O dxc4 7. Qc2 b6 8. Bg5 Nd5 9. Bxe7 Qxe7 10. Qxc4 Ba6 11. Qc2 Nd7 12. Nc3 Nxc3 13. bxc3 Rac8 14. Rfe1 c5 15. Qa4 Nb8 16. e3 cxd4 17. cxd4 Rc4 18. Qb3 Rfc8 19. Ne5 Rc3 20. Qa4 f6 21. Nf3 Kf7 22. e4 Qa3 23. Qxa3 Rxa3 24. d5 e5 25. Nh4 g6 26. Rec1 Rac3 27. Rxc3 Rxc3 28. a4 Nd7 29. Bh3 Nc5 30. f3 Ke7 31. a5 Nb3 32. Rb1 Nxa5 33. Be6 Bd3 34. Rd1 Be2 35. Rd2 Bxf3 36. Bg8 Bxe4 37.
d6+ Kd8 38. Bxh7 Nc4 39. Rd1 g5 0-1

[Event "*** SCC Grand Prix: Titled Tuesday Blitz"]
[Site "Chess.com"]
[Date "2020.06.02"]
[Round "1"]
[White "Redbandit87"]
[Black "VitaliyBernadskiy"]
[Result "0-1"]
[WhiteElo "2335"]
[BlackElo "2680"]
[TimeControl "180+1"]
[EndTime "10:07:45 PDT"]
[Termination "VitaliyBernadskiy won by resignation"]

1. d4 d6 2. Bf4 g6 3. Nc3 Bg7 4.
Qd2 Nc6 5. Nf3 Bg4 6. O-O-O Bxf3 7. exf3 Nxd4 8. Bc4 e6 9. Rhe1 h6 10. Qd3 Ne7 11.
h4 d5 12. Bb3 c6 13. Kb1 a5 14.
a4 Nxb3 15. cxb3 O-O 16. Qd2 Kh7 17. g4 Ng8 18. Ne2 e5 19. Bg3 Qb6 20. Qc2 Kh8 21.
Nc1 Rfe8 22. Nd3 Qc7 23. Ka2 Rad8 24. Re2 f6 25. Rde1 Qf7 26. g5 e4 27. fxe4 fxg5 28. hxg5 hxg5 29. e5 Qf5 30. Qc3 Nh6 31.
Rh1 Kg8 32. Rhe1 b6 33. Nc1 c5 34. Qd2 Re6 35. Nd3 d4 36. f4 Nf7 37. fxg5 Qxg5 38. Qxg5 Nxg5 39. Nf4 Ree8 40. Nxg6 d3 41. Rd2 Nf3 42.
Red1 Nxd2 43. Rxd2 Kf7 44. Nf4 Bxe5 45. Nh5 Bxg3 46.
Nxg3 Re3 47. Nf1 Re2 48. b4 Rxd2 49. Nxd2 axb4 50. Kb3 Ke6 51. Kc4 Rd4+ 52. Kb3 Kd5 53. a5 bxa5 54. Ka4 c4 55. Kxa5 c3 56. bxc3 bxc3 57. Nb3 c2 0-1

[Event "*** SCC Grand Prix: Titled Tuesday Blitz"]
[Site "Chess.com"]
[Date "2020.06.02"]
[Round "1"]
[White "manitodeplomo"]
[Black "Pintacara"]
[Result "1-0"]
[WhiteElo "2607"]
[BlackElo "2274"]
[TimeControl "180+1"]
[EndTime "10:07:46 PDT"]
[Termination "manitodeplomo won on time"]

1. c4 e5 2. g3 Nc6 3. Bg2 d6 4. Nc3 g6 5. Rb1 Bg7 6. b4 Be6 7. b5 Na5 8. d3 Ne7 9. Qa4 b6 10. Bxa8 Qxa8 11. e4 h5 12. h3 Nb7 13. Ba3 f5 14. f3 Bh6 15. Nge2 Be3 16. Kd1 g5 17. Kc2 Kd7 18. Rbf1 f4 19. Nd1 Bc5 20. gxf4 gxf4 21.
Bxc5 Nxc5 22. Qa3 a6 23. bxa6 Nxa6 24. h4 Nc6 25. Ndc3 Nab4+ 26. Kb3 Nxd3 27. Qxa8 Rxa8 28.
Rfg1 Nc5+ 29. Kc2 Bxc4 30. Rg7+ Ke6 31. Rhg1 Ne7 32. R1g5 Bxe2 33. Nxe2 Rxa2+ 34. Kd1 d5 35. Rxh5 dxe4 36. Rh6+ Kd7 37. fxe4 f3 38. Ng3 f2 39.
Rhh7 Nxe4 40. Rxe7+ Kd6 41. Rd7+ Kc6 42. Rxc7+ Kb5 43.
Nf1 Kb4 44. Rhe7 Nd2 45. Ke2 Nc4+ 46. Kf3 Nd2+ 47. Nxd2 Rxd2 48. Kg2 b5 49. Rxe5 Rd4 50. Kxf2 Rxh4 51. Rb7 1-0

[Event "*** SCC Grand Prix: Titled Tuesday Blitz"]
[Site "Chess.com"]
[Date "2020.06.02"]
[Round "1"]
[White "PauloCesarCosta_sad"]
[Black "deribas12345"]
[Result "0-1"]
[WhiteElo "2196"]
[BlackElo "2546"]
[TimeControl "180+1"]
[EndTime "10:07:46 PDT"]
[Termination "deribas12345 won on time"]

1. Nf3 c5 2. c4 Nf6 3. g3 g6 4. Bg2 Bg7 5. O-O O-O 6. d4 cxd4 7. Nxd4 Nc6 8. Nc3 Nxd4 9. Qxd4 Qa5 10. c5 Rd8 11. b4 Qa6 12. Qh4 d6 13. Rd1 Bf5 14. cxd6 Rxd6 15. Bf4 Rxd1+ 16. Rxd1 Rc8 17. e4 Bg4 18.
Rc1 h5 19. e5 Nh7 20. Qxe7 Bf8 21. Qxb7 Qxb7 22. Bxb7 Rb8 23. Bd5 Bxb4 24. e6 Rc8 25. exf7+ Kg7 26. Ne2 Rd8 27. Bc4 Bf3 28. h4 Nf6 29. Be5 Bd6 30. Bxd6 Rxd6 31. Nf4 Ne4 32. Be2 Bxe2 33. Nxe2 Kxf7 34. Nf4 Rd2 35. Rc7+ Ke8 36. Rxa7 Nxf2 37. Ra8+ Kd7 38. Ra7+ Kc6 39. Ra6+ Kb5 40. Rxg6 Ne4 41. Rg8 Rxa2 42. Rb8+ Kc4 43. Rh8 Kd4 44. Rxh5 Nxg3 45. Rh8 Ke3 46. Nd5+ Ke4 47. Nf6+ Kf3 0-1

[Event "*** SCC Grand Prix: Titled Tuesday Blitz"]
[Site "Chess.com"]
[Date "2020.06.02"]
[Round "1"]
[White "albi1999"]
[Black "OrtizMarcos"]
[Result "1-0"]
[WhiteElo "2658"]
[BlackElo "2322"]
[TimeControl "180+1"]
[EndTime "10:07:47 PDT"]
[Termination "albi1999 won by resignation"]

1. d4 Nf6 2. c4 g6 3. Nc3 Bg7 4. g3 O-O 5. Bg2 d6 6. Nf3 Nbd7 7. O-O e5 8. e4 exd4 9. Nxd4 Re8 10. h3 a6 11. Be3 Rb8 12. a4 Ne5 13. b3 Bd7 14.
Qc2 Qc8 15. Kh2 h5 16. f3 h4 17. g4 Bxg4 18. fxg4 Nfxg4+ 19. hxg4 Nxg4+ 20. Kg1 Nxe3 21. Qd3 Nxf1 22. Rxf1 c6 23. Nce2 Be5 24. Bh3 Qd8 25. Kh1 Qe7 26. Nc3 Qg5 27. Nce2 Rbd8 28. Nf3 Qe7 29.
Nxe5 dxe5 30. Qe3 Kg7 31. Ng1 f6 32. Nf3 g5 33. Rg1 Kh8 34. Bf5 Rd6 35. Nxh4 Qg7 36. c5 Rd4 37. Ng6+ Kg8 38. Qh3 Kf7 39. Qh5 Rg8 40. Nxe5+ Ke7 41. Ng6+ Kd8 42. Rd1 Rxd1+ 43. Qxd1+ Ke8 44. Qd6 Rh8+ 45. Nxh8 Qxh8+ 46. Qh2 Qxh2+ 47. Kxh2 Kd8 48. Kg3 b5 49. a5 1-0

[Event "*** SCC Grand Prix: Titled Tuesday Blitz"]
[Site "Chess.com"]
[Date "2020.06.02"]
[Round "1"]
[White "Baby_Shak"]
[Black "Forantes"]
[Result "1/2-1/2"]
[WhiteElo "2632"]
[BlackElo "2311"]
[TimeControl "180+1"]
[EndTime "10:07:47 PDT"]
[Termination "Game drawn by repetition"]

1. d4 Nf6 2. Bf4 g6 3. Nc3 d5 4. e3 Bg7 5. Nf3 O-O 6. h4 Bg4 7. Be2 c5 8. Ne5 Bxe2 9. Qxe2 cxd4 10. exd4 Qb6 11. O-O-O Rc8 12. Qe3 e6 13. g4 Nc6 14.
f3 h5 15. Rd3 Nb4 16. Rdd1 Rxc3 17. bxc3 Nxa2+ 18. Kd2 Rc8 19. Rb1 Qa5 20. Rb3 Nxc3 21.
Rxc3 Bf8 22. Rb1 b5 23. g5 Ne8 24. Nd7 Bb4 25. Rxb4 Qxb4 26. Nc5 Rxc5 27. dxc5 d4 28. Qe4 Qxc3+ 29. Ke2 Qxc5 30. Be5 Qc4+ 31. Kf2 d3 32. Qa8 Qxc2+ 33. Kg3 Kf8 34. Bd6+ Kg7 35. Qxe8 Qc3 36. Bf8+ Kh7 37. Qxf7+ Kh8 38. Be7 Qe5+ 39. Kg2 Qe2+ 40. Kh3 Qf1+ 41. Kg3 Qg1+ 42. Kf4 Qd4+ 43. Kg3 Qg1+ 44.
Kh3 Qh1+ 45. Kg3 Qg1+ 1/2-1/2

[Event "*** SCC Grand Prix: Titled Tuesday Blitz"]
[Site "Chess.com"]
[Date "2020.06.02"]
[Round "1"]
[White "Grischuk"]
[Black "dbrankovic68"]
[Result "1-0"]
[WhiteElo "3106"]
[BlackElo "2458"]
[TimeControl "180+1"]
[EndTime "10:07:49 PDT"]
[Termination "Grischuk won on time"]

1. Nf3 Nf6 2. c4 g6 3. Nc3 Bg7 4. g3 d6 5. d4 O-O 6. Bg2 c6 7.
O-O Nbd7 8. e4 e5 9. Be3 exd4 10.
Nxd4 Re8 11. h3 Nc5 12. Qc2 a5 13. b3 Qe7 14. Rfe1 Bd7 15. Rad1 Rad8 16. a3 Bc8 17. f3 h5 18. Bf2 h4 19. g4 Nh7 20. f4 Qf6 21. Be3 g5 22. f5 Qe5 23. b4 axb4 24. axb4 Na6 25. Qb1 Qg3 26. Qb2 Be5 27. Nf3 Nf6 28.
Bf2 Qf4 29. Be3 Qg3 30. Bxg5 Bxc3 31. Qxc3 Nxe4 32. Rxe4 Rxe4 33. Bxh4 Qf4 34. Bxd8 Rxc4 35. Qd2 Qxd2 36. Rxd2 d5 37. Re2 Rxb4 38. Re8+ Kg7 39. f6+ Kg6 40. Ne5+ Kh7 41. Nxf7 Rb1+ 42. Kh2 Nc5 43.
Ng5+ Kg6 44. f7 1-0

[Event "*** SCC Grand Prix: Titled Tuesday Blitz"]
[Site "Chess.com"]
[Date "2020.06.02"]
[Round "1"]
[White "Warre"]
[Black "MNyuyu"]
[Result "1/2-1/2"]
[WhiteElo "2595"]
[BlackElo "2272"]
[TimeControl "180+1"]
[EndTime "10:07:49 PDT"]
[Termination "Game drawn - insufficient material"]

1. d4 d5 2. c4 e6 3. Nf3 Be7 4. g3 Nf6 5. Bg2 O-O 6. O-O dxc4 7. Qc2 a6 8. a4 Bd7 9. Rd1 Bc6 10. Bg5 Be4 11.
Qxc4 b5 12. Qc1 Nbd7 13. Nc3 Bb7 14. axb5 axb5 15. Nxb5 Rxa1 16. Qxa1 Nb6 17. Qc1 c6 18. Na7 Qa8 19. Qa1 c5 20. Nb5 cxd4 21. Nbxd4 h6 22. Bd2 Qb8 23. Bf4 Qc8 24. Rc1 Qa8 25. Qxa8 Bxa8 26. Ne5 Bxg2 27. Kxg2 Nbd5 28. Nec6 Nxf4+ 29. gxf4 Bd6 30. e3 Nd5 31. b4 Nxb4 32. Na5 Nd5 33. Nc4 Be7 34. Ne5 Ra8 35. Kf3 Bf6 36.
Rb1 Bxe5 37. fxe5 Ra7 38. Rb8+ Kh7 39. Ke4 Kg6 40. Rb1 Ra2 41. Rg1+ Kh7 42. Kf3 g5 43. Ne2 Kg6 44. Ng3 Nb4 45. Ne4 Nd5 46. h4 f6 47.
exf6 Nxf6 48. hxg5 Nxe4 49. Kxe4 hxg5 50. f4 Ra4+ 51.
Kf3 Ra5 52. Rg2 Kf6 53. Rh2 gxf4 54. exf4 Ra3+ 55. Kg4 Ra4 56. Rh6+ Kf7 57. Rh5 Rb4 58. Re5 Kf6 59. Rh5 Ra4 60. Rh6+ Kf7 61. Rh7+ Kf6 62.
Rh8 e5 63. Rf8+ Ke7 64. Rf5 Rxf4+ 65. Rxf4 exf4 66. Kxf4 1/2-1/2

[Event "*** SCC Grand Prix: Titled Tuesday Blitz"]
[Site "Chess.com"]
[Date "2020.06.02"]
[Round "1"]
[White "jerry_77"]
[Black "dianamirza"]
[Result "1-0"]
[WhiteElo "2489"]
[BlackElo "2034"]
[TimeControl "180+1"]
[EndTime "10:07:49 PDT"]
[Termination "jerry_77 won on time"]

1. e4 e5 2. Nf3 d6 3. d4 exd4 4. Nxd4 Nf6 5. Nc3 g6 6. Be3 Bg7 7. f3 O-O 8. Qd2 Nc6 9. O-O-O a6 10. h4 Nxd4 11. Bxd4 b5 12. g4 c5 13. Bxf6 Qxf6 14. Qxd6 Qxf3 15. Be2 Qe3+ 16. Qd2 Qxd2+ 17. Rxd2 Be6 18.
Nd5 Rfd8 19. Rhd1 Kf8 20. Nc7 Rxd2 21. Rxd2 Ra7 22. Nxe6+ fxe6 23. Rd6 Ke7 24. Rd3 Be5 25. Rf3 Ra8 26. c3 Rf8 27. Rxf8 Kxf8 28. Kc2 Bf4 29.
a4 bxa4 30. Bxa6 h5 31. gxh5 gxh5 32. Be2 Bg3 33. Bxh5 Bxh4 34. Be2 Ke7 35. Bb5 a3 36. bxa3 Kd6 37. Kd3 Bd8 38. Kc4 Ba5 39. Be8 e5 40. Bf7 Bc7 41. Kb5 Bd8 42. a4 Be7 43. a5 Kc7 44. a6 Kb8 45. Bc4 Ka7 46. Kc6 Bf8 47.
Kd5 Kb6 48. Be2 Bg7 49. Kd6 Bf8+ 50. Kd7 Bg7 51. Kc8 Ka7 52. Bb5 Bf8 53. Kc7 Bg7 54.
Kc6 Bf8 55. Kd5 Bg7 56. Kxc5 Bf8+ 57. Kd5 Bg7 58. c4 Kb6 59. c5+ Ka7 60. c6 Kb6 61. Kd6 Bf8+ 62. Kd7 Ka7 63. c7 1-0

[Event "*** SCC Grand Prix: Titled Tuesday Blitz"]
[Site "Chess.com"]
[Date "2020.06.02"]
[Round "1"]
[White "swimmerchess"]
[Black "MasterKroket"]
[Result "1-0"]
[WhiteElo "2826"]
[BlackElo "2412"]
[TimeControl "180+1"]
[EndTime "10:07:50 PDT"]
[Termination "swimmerchess won by resignation"]

1. e4 c5 2. Nf3 e6 3. d4 cxd4 4.
Nxd4 Nc6 5. Nc3 Qc7 6. Be2 a6 7.
O-O Nf6 8. Be3 Bb4 9. Na4 O-O 10. c4 Bd6 11. g3 Rb8 12. c5 Be7 13. Rc1 Nxe4 14.
Bf3 f5 15. Bf4 e5 16. Nxf5 exf4 17. Qd5+ Kh8 18. Nxe7 Nxe7 19. Qxe4 d5 20. cxd6 Qxd6 21. Rfd1 Qf6 22. Qxf4 Qxf4 23. gxf4 Bh3 24. Rc7 Ng6 25. Rxb7 Rxb7 26. Bxb7 Nxf4 27. Bxa6 h5 28. Nc3 Rf6 29. Rd8+ Kh7 30. Bd3+ Nxd3 31. Rxd3 Bf5 32. Rd5 Bg4 33. Kf1 Re6 34. Kg2 Kh6 35. b4 h4 36. h3 Bh5 37.
b5 Be8 38. a4 Rg6+ 39. Kf3 Bf7 40. Rc5 Rf6+ 41. Ke3 Re6+ 42. Ne4 Kh7 43. Kf4 Re7 44.
Ng5+ Kg6 45. Rc6+ Kh5 46. b6 Bd5 47. Rc7 Re8 48. Rxg7 Rb8 49. a5 Bc4 50. Nf3 Kh6 51.
Rc7 Ba6 52. Nxh4 Rf8+ 1-0